 Adventure DCSS version bcrawl-1.24.2-14-ge378aee61b (webtiles) character file.

Game seed: 8013882245563102239

6 drasked the Magician (level 1, 6/11 HPs)
             Began as a Fairy Wizard on June 22, 2020.
             Quit the game on level 1 of the Dungeon.
             The game lasted 00:01:20 (144 turns).

drasked the Magician (Fairy Wizard)                  Turns: 144, Time: 00:01:21

Health: 6/11       AC:  3    Str:  5    XL:     1   Next: 90%
Magic:  7/7        EV: 16    Int: 21    God:
Gold:   21         SH:  3    Dex: 10    Spells: 7/8 levels left
                                        Lives:  2   Deaths: 0

rFire    . . .     SeeInvis .   a - +0 staff
rCold    . . .     Gourm    .   (shield currently unavailable)
rNeg     . . .     Faith    .   (armour unavailable)
rPois    .         Spirit   .   b - +0 hat
rElec    .         Reflect  .   (no cloak)
rCorr    .         Harm     .   (no gloves)
MR       .....                  (no boots)
Stlth    +.........             (no amulet)
HPRegen  0.03/turn              (no ring)
MPRegen  0.10/turn              (no ring)

@: flying evasively
A: small, magic attunement, unstealthy, unfitting armour, able to fly, AC/SH +3
a: Stop Flying


You were on level 1 of the Dungeon.
You were not hungry.

You visited 1 branch of the dungeon, and saw 1 of its levels.

You collected 21 gold pieces.

Inventory:

Hand Weapons
 a - a +0 staff (weapon)
Armour
 b - a +0 hat (worn)
Potions
 c - a potion of curing {unknown}
 d - a potion of brilliance
Comestibles
 e - a ration {!d}


   Skills:
 + Level 2.8 Dodging
 + Level 1.7 Stealth
 + Level 4.2 Spellcasting
 + Level 1.2 Conjurations
   Level 1.1 Summonings
   Level 1.1 Translocations


You had 7 spell levels left.
You knew the following spells:

 Your Spells              Type           Power        Failure   Level  Hunger
a - Magic Dart            Conj           #...         7%          1    None

Your spell library contained the following spells:

 Spells                   Type           Power        Failure   Level  Hunger
 Blink                    Tloc           N/A          12%         2    None
 Call Imp                 Summ           #.....       12%         2    None
 Conjure Flame            Conj/Fire      #.......     26%         3    None
 Mephitic Cloud           Conj/Pois/Air  #.......     30%         3    None
 Spider Form              Tmut/Pois      #..          34%         3    None


Dungeon Overview and Level Annotations

Branches:
Dungeon (1/12)

Altars:


Innate Abilities, Weirdness & Mutations

Your spells do not cause hunger and MP costs are reduced by 1.
Your bright wings attract enemies. (Stealth-)
You cannot fit into any form of body armour.
Your shimmering scales are hard and can block incoming attacks. (AC +3, SH +3)
You are small and have problems with some larger weapons.
You can fly continuously.


Message History

Confirm with . or Enter, or press ? or * to list all spells.
Aiming: Magic Dart (safe; 7% risk of failure)
Press: ? - help, Shift-Dir - straight line, f/p - kobold
Aim: a kobold, wielding a +0 short sword (severely wounded)
The magic dart hits the kobold but does no damage.
The kobold is severely wounded.
The kobold closely misses you.
Casting: Magic Dart (safe; 7% risk of failure)
Confirm with . or Enter, or press ? or * to list all spells.
Aiming: Magic Dart (safe; 7% risk of failure)
Press: ? - help, Shift-Dir - straight line, f/p - kobold
Aim: a kobold, wielding a +0 short sword (severely wounded)
The magic dart hits the kobold.
You kill the kobold!
Things that are here:
a +0 short sword; a kobold corpse; a leopard gecko corpse
Casting: Magic Dart (safe; 7% risk of failure)
Confirm with . or Enter, or press ? or * to list all spells.
Okay, then.
Are you sure you want to abandon this character and quit the game? (Confirm with "yes".)

## ... .. #.# .## # ###.#####
..##.# #.......#### .[...
#..........########†.####. #
#.......##................
####.#......[#.....#...........
...........)...@...#.####.....#
###.##.######.###.#.# #.....
#.# #†# #.#.# ....# ##∩## #.#
#.#.# #..# ###...### #.# #.#.#
..# #...≈...# #.# #.#.# .#
#.⌠.≈.⌠.# #.# #.# #...≈...# #.#
#.# #.8.≈.8.# ... ..#


There were no monsters in sight!

Vanquished Creatures
  2 leopard geckos (D:1)
  A hobgoblin (D:1)
  A kobold (D:1)
4 creatures vanquished.

Notes
Turn   | Place    | Note
-------+----------+-------------------------------------------
     0 | D:1      | drasked the Fairy Wizard began the quest for the Orb.
     0 | D:1      | Reached XP level 1. HP: 11/11 MP: 7/7
   144 | D:1      | Quit the game

Action                   || total
-------------------------++-------
Melee: Staff             ||     8
 Cast: Magic Dart        ||    14
Armor: Skin              ||     1
Dodge: Dodged            ||    22
Block: Other             ||     1
